 Dungeon Crawl Stone Soup version 0.27-a0-1456-gf5a116941d (webtiles) character file.

Game seed: 6428801722847026295

1150 quinnr the Zephyrmancer (level 8, -10/37 (41) HPs)
             Began as a Tengu Air Elementalist on July 5, 2021.
             Was a Believer of Vehumet.
             Mangled by a two-headed ogre (32 damage)
             ... on level 5 of the Dungeon.
             The game lasted 00:22:42 (7734 turns).

quinnr the Zephyrmancer (Tengu Air Elementalist)    Turns: 7734, Time: 00:22:42

HP:   -10/37 (41)   AC:  6    Str:  8    XL:     8   Next: 38%
MP:   3/13          EV: 15    Int: 17    God:    Vehumet [**....]
Gold: 269           SH:  5    Dex: 16    Spells: 2/13 levels left

rFire    . . .     SeeInvis .   e - staff of conjuration
rCold    . . .     Faith    .   (no shield)
rNeg     . . .     Spirit   .   a - +0 robe
rPois    .         Reflect  +   (helmet restricted)
rElec    .         Harm     .   (no cloak)
rCorr    .         Rampage  .   (no gloves)
Will     .....                  (boots unavailable)
Stlth    ++........             p - amulet of reflection
HPRegen  0.12/turn              l - +4 ring of protection
MPRegen  0.13/turn              (no ring)

@: flying quickly and evasively, drained, quick
A: beak, talons 3, nimble flight
a: Renounce Religion


You were on level 5 of the Dungeon.
You worshipped Vehumet.
Vehumet was pleased with you.
You visited 2 branches of the dungeon, and saw 7 of its levels.
You also visited: Ossuary.

You collected 269 gold pieces.

Inventory:

Missiles
 m - 9 boomerangs (quivered)
Armour
 a - a +0 robe (worn)
Magical Staves
 e - a staff of conjuration (weapon)
Jewellery
 j - an amulet of guardian spirit
 l - a +4 ring of protection (left hand)
 p - an amulet of reflection (around neck)
Scrolls
 b - a scroll of vulnerability {unknown}
 c - a scroll of magic mapping {unknown}
 d - a scroll of acquirement {unknown}
 g - 3 scrolls of enchant weapon
 h - 2 scrolls of amnesia {unknown}
 k - a scroll of silence {unknown}
 n - 2 scrolls of enchant armour {unknown}
 s - a scroll of immolation {unknown}
Potions
 f - 3 potions of brilliance
 i - 3 potions of curing {unknown}
 o - 2 potions of lignification {unknown}
 q - 2 potions of ambrosia {unknown}
 r - 3 potions of degeneration
 t - a potion of berserk rage
 u - a potion of resistance {unknown}


   Skills:
 - Level 2.1 Dodging
 - Level 2.0 Stealth
 + Level 3.1 Spellcasting
 + Level 6.3 Conjurations
 - Level 2.0 Ice Magic
 + Level 10.1 Air Magic
 - Level 2.0 Evocations


You had 2 spell levels left.
You knew the following spells:

 Your Spells              Type           Power      Damage    Failure   Level
a - Shock                 Conj/Air       100%       1d9       1%          1
b - Poisonous Vapours     Pois/Air       38%        N/A       3%          2
c - Freezing Cloud        Conj/Ice/Air   17%        6-21      36%         5
d - Mephitic Cloud        Conj/Pois/Air  32%        N/A       5%          3

Your spell library contained the following spells:

 Spells                   Type           Power      Damage    Failure   Level
 Freeze                   Ice            36%        1d6       8%          1
 Static Discharge         Conj/Air       46%        N/A       1%          2
 Animate Skeleton         Necr           4%         N/A       17%         1
 Pain                     Necr           8%         1d4       17%         1
 Summon Small Mammal      Summ           8%         N/A       17%         1
 Swiftness                Air            37%        N/A       1%          3
 Airstrike                Air            18%        N/A       2%          4
 Call Canine Familiar     Summ           2%         N/A       45%         3
 Summon Guardian Golem    Hex/Summ       2%         N/A       45%         3
 Vampiric Draining        Necr           1%         2d6       45%         3


Dungeon Overview and Level Annotations

Branches:
Dungeon (6/15)             Temple (1/1) D:4         Ossuary (visited)

Altars:
Ashenzari
Dithmenos
Fedhas
Gozag
Hepliaklqana
Kikubaaqudgha
Makhleb
Nemelex Xobeh
Okawaru
Qazlal
Ru
Sif Muna
Trog
Uskayaw
Vehumet
Wu Jian
Xom
Yredelemnul
Zin
The Shining One

Shops:
D:1 (

Annotations:
D:3 1 runed translucent door, Crazy Yiuf


Innate Abilities, Weirdness & Mutations

You have a beak for a mouth.
You have claws for feet.
Your magical nature lets you fly swiftly and evasively.


Message History

Confirm with . or Enter, or press ? or * to list all spells.
Aiming: Shock (safe; 1% risk of failure)
Press: ? - help, Shift-Dir - straight line, f/p - two-headed ogre
Aim: a two-headed ogre, wielding two +0 giant clubs (moderately wounded, very poisoned, 88% to hit)
You feel a surge of power!
The zap hits the two-headed ogre!
The two-headed ogre is heavily wounded.
Casting: Shock (safe; 1% risk of failure)
Confirm with . or Enter, or press ? or * to list all spells.
Aiming: Shock (safe; 1% risk of failure)
Press: ? - help, Shift-Dir - straight line, f/p - two-headed ogre
Aim: a two-headed ogre, wielding two +0 giant clubs (heavily wounded, very poisoned, 88% to hit)
You feel a surge of power!
The zap hits the two-headed ogre.
The two-headed ogre is heavily wounded.
Casting: Shock (safe; 1% risk of failure)
Confirm with . or Enter, or press ? or * to list all spells.
Aiming: Shock (safe; 1% risk of failure)
Press: ? - help, Shift-Dir - straight line, f/p - two-headed ogre
Aim: a two-headed ogre, wielding two +0 giant clubs (severely wounded, very poisoned, 88% to hit)
You feel a surge of power!
The zap hits the two-headed ogre.
The two-headed ogre is severely wounded.
The two-headed ogre misses you.
The two-headed ogre hits you with a +0 giant club!
You see here 5 poisoned darts.
Casting: Shock (safe; 1% risk of failure)
Confirm with . or Enter, or press ? or * to list all spells.
Aiming: Poisonous Vapours (safe; 3% risk of failure)
Press: ? - help, Dir - move target, f/p - two-headed ogre
Aim: a two-headed ogre, wielding two +0 giant clubs (severely wounded, poisoned) Poisonous vapours surround the two-headed ogre!
The two-headed ogre looks even sicker.
Casting: Poisonous Vapours (safe; 3% risk of failure)
Confirm with . or Enter, or press ? or * to list all spells.
Aiming: Poisonous Vapours (safe; 3% risk of failure)
Press: ? - help, Dir - move target, f/p - two-headed ogre
Aim: a two-headed ogre, wielding two +0 giant clubs (severely wounded, very poisoned) Poisonous vapours surround the two-headed ogre!
The two-headed ogre looks even sicker.
The two-headed ogre hits you with a +0 giant club!!
Ouch! That really hurt!
You die...

............##
#.#########
............#
#.........#
............#
#########.#
............#
########### #.#
............#
#.........# #.#
............#
#.#######.# #.#
............# #.# #.#
#.# ............# #.#
#.# #.# ............#
#@# #.###.##
.....######## #O#
#......# .....#
#######.# ########
....(#####.......#####
#####................#
#####................#
.......>.............#
.....................#
...................###


You could see a two-headed ogre (very poisoned).

Vanquished Creatures
  An ogre (D:4)
  A centaur (D:5)
  Blork the orc (D:3)
  A phantom (D:4)
  An elf zombie (Ossuary)
  2 scorpions (D:4)
  A jelly (D:4)
  4 centaur zombies (Ossuary)
  A human zombie (Ossuary)
  A hound (D:5)
  3 orc priests
  2 orc wizards
  An iguana (D:5)
  Terence (D:3)
  2 mummies (Ossuary)
  4 gnolls
  8 adders
  A worm (D:3)
  3 dart slugs
  12 orcs
  7 bats
  11 endoplasms
  A giant cockroach (D:1)
  5 goblins
  7 hobgoblins
  7 jackals
  2 quokkas
  8 ball pythons
  5 frilled lizards
  A goblin zombie (Ossuary)
  12 hobgoblin zombies (Ossuary)
  3 jackal zombies (Ossuary)
  5 kobolds
  8 kobold zombies (Ossuary)
  6 orc zombies (Ossuary)
  4 rats
  A rat zombie (Ossuary)
144 creatures vanquished.

Vanquished Creatures (others)
  An ufetubus (D:6)
  An orc (D:6)
2 creatures vanquished.

Grand Total: 146 creatures vanquished

Notes
Turn   | Place    | Note
-------+----------+-------------------------------------------
     0 | D:1      | quinnr the Tengu Air Elementalist began the quest for the
                  | Orb.
     0 | D:1      | Reached XP level 1. HP: 10/10 MP: 4/4
   254 | D:1      | Reached XP level 2. HP: 15/15 MP: 0/6
   320 | D:1      | Found a faded altar of an unknown god.
   427 | D:1      | Found Nenysm's Antique Weapon Shop.
   434 | D:1      | Reached skill level 5 in Air Magic
   795 | D:1      | Learned a level 2 spell: Poisonous Vapours
   914 | D:1      | Reached XP level 3. HP: 19/19 MP: 5/7
  1477 | D:2      | Reached skill level 6 in Air Magic
  1603 | D:2      | Reached XP level 4. HP: 24/24 MP: 2/8
  1685 | D:2      | Reached skill level 7 in Air Magic
  1692 | D:1      | Gained mutation: Your magical nature lets you fly swiftly
                  | and evasively. [Tengu growth]
  1692 | D:1      | Reached XP level 5. HP: 25/28 MP: 3/9
  2693 | D:3      | Reached skill level 1 in Evocations
  2908 | D:3      | Found a shadowy altar of Dithmenos.
  2912 | D:3      | Found an ornate altar of the Wu Jian Council.
  2912 | D:3      | Found a blossoming altar of Fedhas.
  2912 | D:3      | Noticed Terence
  2915 | D:3      | Killed Terence
  2916 | D:3      | Reached skill level 8 in Air Magic
  3033 | D:3      | Found a radiant altar of Vehumet.
  3052 | D:3      | Became a worshipper of Vehumet
  3059 | D:3      | Learned a level 5 spell: Freezing Cloud
  3240 | D:3      | Reached XP level 6. HP: 32/32 MP: 8/10
  3612 | D:3      | Found a sparkling altar of Nemelex Xobeh.
  3820 | D:3      | Found a runed translucent door.
  3821 | D:3      | Noticed Crazy Yiuf
  4124 | D:4      | Noticed Blork the orc
  4137 | D:3      | HP: 2/48 [Blork the orc/puff of frost (8)]
  4138 | D:3      | Killed Blork the orc
  4480 | D:4      | Found a sand-covered staircase.
  4485 | Ossuary  | Entered an ossuary
  4602 | Ossuary  | Reached * piety under Vehumet
  4602 | Ossuary  | Offered knowledge of Sandblast by Vehumet.
  5007 | Ossuary  | Reached XP level 7. HP: 34/36 MP: 5/11
  5124 | Ossuary  | Reached skill level 1 in Ice Magic
  5182 | Ossuary  | Reached skill level 9 in Air Magic
  5329 | Ossuary  | Reached ** piety under Vehumet
  5330 | Ossuary  | Offered knowledge of Freeze by Vehumet.
  5683 | D:4      | Found a staircase to the Ecumenical Temple.
  5689 | Temple   | Entered the Ecumenical Temple
  5990 | D:4      | Reached skill level 5 in Conjurations
  6411 | D:4      | Reached XP level 8. HP: 41/41 MP: 7/12
  6415 | D:4      | Learned a level 3 spell: Mephitic Cloud
  6557 | D:5      | Entered Level 5 of the Dungeon
  6785 | D:5      | Noticed a two-headed ogre
  7272 | D:5      | Reached skill level 10 in Air Magic
  7734 | D:5      | Mangled by a two-headed ogre

Illustrated notes

Levels and vault maps discovered:
D:1:      nzn_arrival_crosshair, layout_basic, serial_shops, shop,
          ebering_ecumenical_altar_rust
D:2:      cheibrodos_pilgrimage, layout_basic
D:3:      minmay_chambers_of_twos, layout_loops_ring, overflow_temple_1_default,
          nemelex_dance_club_becter, minitemple, uniq_crazy_yiuf_cottage,
          uniq_terence
D:4:      layout_rooms, minmay_temple_entry_waves, enter_ossuary_5,
          uniq_blork_the_orc
D:5:      black_bear_nest_1, layout_basic
D:6:      layout_basic, lemuel_flamethrower_2, uniq_duvessa
Temple:   regret_index_temple_generic_petals

Skill      XL: |  1  2  3  4  5  6  7  8 |
---------------+-------------------------+-----
Air Magic      | 5 6 7 8 9 10 | 10.1
Evocations     | 1 2 |  2.0
Conjurations   | 3 5 6 |  6.3
Ice Magic      | 2 |  2.0
Spellcasting   | 3 |  3.1
Dodging        | |  2.1
Stealth        | |  2.0

Action                   |  1- 3 |  4- 6 |  7- 9 || total
-------------------------+-------+-------+-------++-------
Melee: Unarmed           |     2 |       |       ||     2
       Peck              |     1 |       |     2 ||     3
       Kick              |     1 |       |       ||     1
       Staff             |       |     3 |     6 ||     9
Throw: Boomerang         |       |       |    37 ||    37
 Cast: Shock             |    62 |   128 |   114 ||   304
       Poisonous Vapours |     1 |    18 |    34 ||    53
       Mephitic Cloud    |       |       |     2 ||     2
  Use: Scroll            |       |     1 |     3 ||     4
       Potion            |       |     1 |       ||     1
Armor: Robe              |     3 |    18 |    21 ||    42
Dodge: Dodged            |    15 |    25 |    51 ||    91
Block: Other             |       |     8 |    15 ||    23
       Reflection        |       |     1 |     2 ||     3

Table legend: (Time is in decaauts)
 A = Elapsed time spent in this place.
 B = Non-inter-level travel time spent in this place.
 C = Inter-level travel time spent in this place.
 D = Time resting spent in this place.
 E = Time spent auto-exploring this place.
 F = Levels seen in this place.
 G = Mean time per level.
                   A        B        C        D        E       F      G
               +--------+--------+--------+--------+--------+-----+--------+
         Total |   7455 |   7182 |    273 |   1471 |   4507 |   8 |  931.9 |
       Dungeon |   6149 |   5902 |    247 |   1053 |   4035 |   6 | 1024.8 |
        Temple |    242 |    216 |     26 |      0 |    209 |   1 |  242.0 |
       Ossuary |   1063 |   1063 |      0 |    418 |    263 |   1 | 1063.0 |
               +--------+--------+--------+--------+--------+-----+--------+

Top non-repeatable levels by time:
     D:3: 1851 daAuts
     D:2: 1376 daAuts
     D:1: 1210 daAuts
 Ossuary: 1063 daAuts
     D:4: 874 daAuts
     D:5: 811 daAuts
  Temple: 242 daAuts
     D:6: 24 daAuts
